 Dungeon Crawl Stone Soup version 0.25-a0-829-g4e6a552925 (webtiles) character file.

Game seed: 4905684184028778662, levelgen mode: classic

187 EnegeticOcto the Skirmisher (level 5, -2/48 HPs)
             Began as a Minotaur Fighter on Apr 21, 2020.
             Killed by nerve-wracking pain
             ... invoked by Grinder
              (11 damage)
             ... on level 3 of the Dungeon.
             The game lasted 00:00:49 (1770 turns).

EnegeticOcto the Skirmisher (Minotaur Fighter)      Turns: 1770, Time: 00:00:49

Health: -2/48      AC: 10    Str: 22    XL:     5   Next: 39%
Magic:  4/4        EV:  5    Int:  5    God:
Gold:   63         SH:  9    Dex:  9    Spells: 4/4 levels left

rFire    . . .     SeeInvis .   a - +0 war axe
rCold    . . .     Gourm    .   c - +0 kite shield
rNeg     . . .     Faith    .   l - +0 chain mail
rPois    .         Spirit   .   (helmet restricted)
rElec    .         Reflect  .   (no cloak)
rCorr    .         Harm     .   n - +0 pair of gloves
MR       .....                  (no boots)
Stlth    ..........             (no amulet)
HPRegen  0.16/turn              (no ring)
MPRegen  0.09/turn              (no ring)

@: no status effects
A: retaliatory headbutt, horns 2
a: no special abilities


You were on level 3 of the Dungeon.
You were not hungry.

You visited 1 branch of the dungeon, and saw 3 of its levels.

You collected 63 gold pieces.

Inventory:

Hand Weapons
 a - a +0 war axe (weapon)
Armour
 c - a +0 kite shield (worn)
 l - a +0 chain mail (worn)
 n - a +0 pair of gloves (worn)
Scrolls
 d - 3 scrolls of identify {unknown}
 h - 3 scrolls of blinking {unknown}
 i - a scroll of immolation {unknown}
 p - a scroll of fear {unknown}
Potions
 b - a potion of haste {unknown}
 f - a potion of berserk rage {unknown}
 g - 2 potions of ambrosia {unknown}
 j - a potion of magic {unknown}
 k - a potion of might {@q3}
 m - a potion of flight {unknown}
 o - 3 potions of curing {unknown}
Comestibles
 e - 5 rations
 q - 9 chunks of flesh


   Skills:
 * Level 5.2 Fighting
 * Level 4.4 Axes
 + Level 4.4 Armour
 + Level 4.4 Shields


You had 4 spell levels left.
You didn't know any spells.
Your spell library was empty.

Dungeon Overview and Level Annotations

Branches:
Dungeon (3/15)

Altars:

Annotations:
D:3 Grinder


Innate Abilities, Weirdness & Mutations

You reflexively headbutt those who attack you in melee.
You have a pair of horns on your head.


Message History

You hit the ooze.
You headbutt the ooze, but do no damage.
The ooze is moderately wounded.
The ooze hits you.
You hit the ooze. You headbutt the ooze.
The ooze is almost dead.
You block the ooze's attack.
You slash the ooze!
You kill the ooze!
You hit the gnoll.
The gnoll is heavily wounded.
You block the gnoll's attack.
Your shield and chain mail prevent you from hitting the gnoll.
The gnoll is heavily wounded.
The gnoll hits you but does no damage. You block the gnoll's attack.
You slash the gnoll!
You kill the gnoll!
No target in view!
No target in view!
No target in view!
No target in view!
No target in view!
No target in view!
No target in view!
Eating one of 8 chunks of flesh.
You eat one of the 8 chunks of flesh.
This raw flesh tastes terrible.
Some of the chunks of flesh in your inventory have rotted away.
Some of the chunks of flesh in your inventory have rotted away.
HP restored.
You butcher the gnoll corpse.
q - 5 chunks of flesh (gained 2)
Things that are here:
a +0 spear; a gnoll skeleton
Things that are here:
a +0 spear; a gnoll skeleton
Things that are here:
a +0 spear; a gnoll corpse You butcher the gnoll corpse.
q - 9 chunks of flesh (gained 4)
Things that are here:
a +0 spear; a gnoll skeleton
Things that are here:
a +0 spear; a gnoll skeleton
Things that are here:
a +0 spear; a gnoll skeleton
There is a stone staircase leading up here.
d - 3 scrolls labeled NALUDGH GEUSU (gained 1)
Found a pair of gloves.
Grinder comes into view.
She is carrying a wand of random effects (22).
Grinder shouts!
Grinder rolls her eyes.
Grinder is nearby!
Grinder is nearby!
Grinder blinks!
Grinder gestures at you. Pain shoots through your body!
Grinder drinks a potion.
Grinder seems to grow stronger.
You closely miss Grinder. Grinder gestures at you.
You suddenly lose the ability to move!
Grinder gestures at you. Pain shoots through your body!
Grinder hits you but does no damage.
You can move again.
Your shield and chain mail prevent you from hitting Grinder.
Your headbutt misses Grinder. You block Grinder's attack.
You closely miss Grinder. You headbutt Grinder!
Grinder is moderately wounded.
You block Grinder's attack.
You barely miss Grinder.
Grinder is moderately wounded.
Grinder hits you but does no damage. Grinder hits you.
You writhe in agony.
You barely miss Grinder.
Grinder is moderately wounded.
Grinder gestures at you.
You suddenly lose the ability to move!
Grinder hits you. x2
You writhe in agony.
Grinder hits you.
You writhe in agony.
Grinder hits you.
You writhe in agony.
Grinder hits you but does no damage.
You can move again.
You are too injured to fight recklessly!
You are too injured to fight recklessly!
You are too injured to fight recklessly!
You are too injured to fight recklessly!
You are too injured to fight recklessly!
Sorry, you're not good enough to have a special ability.
You closely miss Grinder. You headbutt Grinder.
Grinder is moderately wounded.
You block Grinder's attack.
You closely miss Grinder.
Grinder is moderately wounded.
Grinder hits you.
* * * LOW HITPOINT WARNING * * *
You writhe in agony.
* * * LOW HITPOINT WARNING * * *
Grinder gestures at you. Pain shoots through your body!
You die...

#.###.........##.#
#...######.#####<#
#.#.# #......))
#.#.# ######.##
#.#.# #.##
####.#.## #.##
#.......### #.##
#.#.......# #...
#.@#..#.# ####
.......5.......
#..
...#[#.#...#.##..
#.# # #.#.......#
. #.# # ......###
#.# ######.# #.#
.# #.. #.# ###
#.####### ####


You could see Grinder.

Vanquished Creatures
  Terence (D:2)
  Natasha (thrice) (D:2)
  4 gnolls (D:3)
  An ooze (D:3)
  2 worms (D:2)
  2 dart slugs (D:1)
  A giant cockroach (D:1)
  4 goblins
  6 hobgoblins
  5 bats
  2 frilled lizards
  7 kobolds
  6 rats
44 creatures vanquished.

Notes
Turn   | Place    | Note
-------+----------+-------------------------------------------
     0 | D:1      | EnegeticOcto the Minotaur Fighter began the quest for the
                  | Orb.
     0 | D:1      | Reached XP level 1. HP: 19/19 MP: 0/0
   158 | D:1      | Reached XP level 2. HP: 16/27 MP: 1/1
   423 | D:1      | Reached skill level 4 in Fighting
   760 | D:2      | Noticed Terence
   793 | D:2      | Killed Terence
   793 | D:2      | Reached XP level 3. HP: 16/34 MP: 2/2
  1315 | D:2      | Noticed Natasha
  1319 | D:2      | Killed Natasha
  1319 | D:2      | Reached XP level 4. HP: 41/41 MP: 3/3
  1388 | D:2      | Noticed Natasha
  1395 | D:2      | Killed Natasha
  1473 | D:2      | Noticed Natasha
  1478 | D:2      | Killed Natasha
  1497 | D:2      | Reached skill level 5 in Fighting
  1559 | D:3      | Reached XP level 5. HP: 48/48 MP: 4/4
  1754 | D:3      | Noticed Grinder
  1758 | D:3      | Paralysed by Grinder for 2 turns
  1763 | D:3      | Paralysed by Grinder for 6 turns
  1770 | D:3      | Killed from afar by Grinder

Levels and vault maps discovered:
D:1:      dpeg_arrival_signposts, layout_loops_ring
D:2:      layout_rooms, uniq_terence, uniq_natasha
D:3:      layout_loops_cross, eat_drink_and_be_merry_uskayaw, uniq_grinder,
          uniq_ijyb

Skill      XL: |  1  2  3  4 |
---------------+-------------+-----
Fighting       | 4 5 |  5.2
Axes           | 3 4 |  4.4
Armour         | 4 |  4.4
Shields        | 4 |  4.4

Action                   |  1- 3 |  4- 6 || total
-------------------------+-------+-------++-------
Melee: War axe           |    91 |    49 ||   140
       Headbutt          |    18 |    11 ||    29
  Eat: Chunk             |     1 |     2 ||     3
Armor: Scale mail        |    34 |       ||    34
       Chain mail        |     6 |    18 ||    24
Dodge: Dodged            |    22 |     5 ||    27
Block: Kite shield       |    43 |    19 ||    62

Table legend:
 A = Non-vault XP
 B = Vault XP
 C = Vault XP percentage of total XP
 D = Non-vault monster count
 E = Vault monster count
 F = Vault count percentage of total count
                 A         B        C        D         E       F
            +---------+---------+-------+---------+---------+-------
      Total |     197 |      71 |  26.5 |      42 |       2 |   4.5
            +---------+---------+-------+---------+---------+-------
        D:1 |      31 |       0 |   0.0 |      17 |       0 |   0.0
        D:2 |      93 |      71 |  43.3 |      13 |       2 |  13.3
        D:3 |      73 |       0 |   0.0 |      12 |       0 |   0.0
            +---------+---------+-------+---------+---------+-------
